 Dungeon Crawl Stone Soup version 0.31-a0-1591-g515db51633 (webtiles) character file.

Game seed: 2611080384570825875

725 BigPumpCobain the Chopper (level 7, 0/62 HPs)
             Began as a Minotaur Fighter on Jan 6, 2024.
             Slain by an ogre
             ... wielding a +0 giant club
              (8 damage)
             ... on level 4 of the Dungeon.
             The game lasted 00:05:08 (3229 turns).

BigPumpCobain the Chopper (Minotaur Fighter)        Turns: 3229, Time: 00:05:09

Health: 0/62       AC: 12    Str: 22    XL:     7   Next: 43%
Magic:  6/6        EV:  9    Int:  5    God:
Gold:   210        SH:  5    Dex: 10    Spells: 6/6 levels left

rFire   . . .        a - +0 war axe
rCold   . . .        c - +0 buckler
rNeg    . . .        b - +0 scale mail
rPois   .            f - +1 hat
rElec   .            l - +0 cloak
rCorr   .            e - +1 pair of gloves
SInv    .            (no boots)
Will    .....        (no amulet) Stlth
                     j - ring of flight
HPRegen 0.30/turn    (no ring)
MPRegen 0.10/turn

%: no passive effects
@: flying
A: horns 2, retaliatory headbutt
a: no special abilities


You were on level 4 of the Dungeon.
You visited 1 branch of the dungeon, and saw 4 of its levels.

You collected 210 gold pieces.

Inventory:

Hand Weapons
 a - a +0 war axe (weapon)
Missiles
 s - a throwing net
Armour
 b - a +0 scale mail (worn)
 c - a +0 buckler (worn)
 e - a +1 pair of gloves (worn)
 f - a +1 hat (worn)
 i - a +0 tower shield
 l - a +0 cloak (worn)
Jewellery
 j - a ring of flight (left hand)
 u - an amulet of faith
Wands
 p - a wand of roots (6)
Scrolls
 k - a scroll of poison {unknown}
 m - a scroll of enchant armour
 q - a scroll of teleportation
 r - a scroll of brand weapon {unknown}
 v - a scroll of identify {unknown}
Potions
 d - a potion of might
 g - a potion of resistance {unknown}
 h - a potion of berserk rage {unknown}
 n - 3 potions of lignification {unknown}
 o - 2 potions of curing {unknown}
 t - a potion of brilliance {unknown}
 w - a potion of heal wounds {unknown}


   Skills:
 + Level 5.7 Fighting
 * Level 6.6 Axes
 + Level 5.7 Armour
 + Level 5.7 Shields


You had 6 spell levels left.
You didn't know any spells.
Your spell library contained the following spells:

 Spells                   Type           Power      Damage    Failure   Level
 Foxfire                  Conj/Fire      0%         2x1d4     83%         1
 Freeze                   Ice            0%         1d3       83%         1
 Necrotise                Necr           0%         1d4       83%         1
 Ensorcelled Hibernation  Hex/Ice        0%         N/A       93%         2
 Frozen Ramparts          Ice            0%         1d1       99%         3
 Hailstorm                Conj/Ice       0%         3d5       99%         3
 Passwall                 Erth           0%         N/A       99%         3
 Swiftness                Air            0%         N/A       99%         3
 Vampiric Draining        Necr           0%         2d6       99%         3
 Cause Fear               Hex            0%         N/A       100%        4
 Martyr's Knell           Necr/Summ      0%         N/A       100%        4
 Curse of Agony           Necr           0%         N/A       100%        5
 Fireball                 Conj/Fire      0%         3d3       100%        5
 Plasma Beam              Fire/Air       0%         2x1d10    100%        6
 Starburst                Conj/Fire      0%         6d3       100%        6
 Dragon's Call            Summ           0%         N/A       100%        9


Dungeon Overview and Level Annotations

Branches:
Dungeon (4/15)
 Temple: D:4-7

Altars:
Fedhas
Xom
Zin

Annotations:
D:4 Edmund


Innate Abilities, Weirdness & Mutations

You have a pair of horns on your head.
You reflexively headbutt those who attack you in melee.


Message History

Edmund the Younger comes into view.
He is wielding a +1 heavy flail.
You are too injured to fight recklessly!
You are too injured to fight recklessly!
You are too injured to fight recklessly!
You are too injured to fight recklessly!
Things that are here:
a +4 rapier of electrocution; a +2 leather armour of cold resistance; the human corpse of Eustachio You start resting.
HP restored.
Found a stone staircase leading up.
n - 3 red potions (gained 1)
There is a stone staircase leading up here.
There is an open door here.
An ogre comes into view. It is wielding a +0 giant club.
The ogre shouts!
The ogre hits you with a +0 giant club!
You hit the ogre.
The ogre is lightly wounded.
The ogre hits you with a +0 giant club!!
You are too injured to fight recklessly!
You are too injured to fight recklessly!
You are too injured to fight recklessly!
You are too injured to fight recklessly!
You are too injured to fight recklessly!
You are too injured to fight recklessly!
You are too injured to fight recklessly!
You are too injured to fight recklessly!
You are too injured to fight recklessly!
You are too injured to fight recklessly!
You barely miss the ogre.
You headbutt the ogre, but do no damage.
The ogre is lightly wounded.
You slash the ogre!
The ogre is severely wounded.
The ogre hits you with a +0 giant club!!
* * * LOW HITPOINT WARNING * * *
You slash the ogre! Your headbutt misses the ogre.
The ogre is almost dead.
The ogre hits you with a +0 giant club!
You die...

#. ... #.# #.#.## #.
.... #.. ... ..#..
...## ####+#.###.#..
..... #.......##.#..
.# #............. ..
#............. #.
#.............
#.######'#..........
#.O@.###.#.#....<...
#.##.....#.##..##...
# ##########.......
#..##... #.......
#..#.... #..#.#..
#..#.#.. #..#.#..


You could see an ogre.

Vanquished Creatures
  Grinder (D:4)
  Eustachio (D:4)
  A kobold brigand (D:4)
  Crazy Yiuf (D:3)
  A hound (D:4)
  An orc wizard (D:3)
  Jessica (D:3)
  A sleepcap (D:4)
  Robin (D:2)
  3 gnolls (D:3)
  6 adders
  2 ribbon worms
  4 orcs (D:3)
  4 bats
  6 endoplasms
  6 giant cockroaches
  10 goblins (D:2)
  10 hobgoblins
  6 jackals
  5 kobolds
  7 ball pythons
  8 frilled lizards
  10 rats
96 creatures vanquished.

Notes
Turn   | Place    | Note
-------+----------+-------------------------------------------
     0 | D:1      | BigPumpCobain the Minotaur Fighter began the quest for the
                  | Orb.
     0 | D:1      | Reached XP level 1. HP: 19/19 MP: 0/0
    81 | D:1      | Reached XP level 2. HP: 22/27 MP: 1/1
   129 | D:1      | Reached skill level 3 in Axes
   700 | D:2      | Reached XP level 3. HP: 31/33 MP: 2/2
   899 | D:2      | Noticed Robin
   913 | D:2      | Killed Robin
   914 | D:2      | Reached XP level 4. HP: 15/40 MP: 3/3
  1485 | D:3      | Reached skill level 4 in Axes
  1531 | D:3      | Noticed an angel
  1532 | D:3      | Found a glowing silver altar of Zin.
  1539 | D:3      | Found a shimmering altar of Xom.
  1580 | D:3      | Noticed Jessica
  1588 | D:3      | Killed Jessica
  1589 | D:3      | Reached XP level 5. HP: 47/47 MP: 4/4
  1621 | D:3      | Found a faded altar of an unknown god.
  1823 | D:3      | Found a runed translucent door.
  1824 | D:3      | Noticed Crazy Yiuf
  2173 | D:3      | Killed Crazy Yiuf
  2373 | D:4      | Reached skill level 5 in Axes
  2394 | D:4      | Reached XP level 6. HP: 51/55 MP: 5/5
  2516 | D:4      | Identified the +2 robe of Least Resistance {rN++ Int-4
                  | Dex+4}
  2530 | D:4      | Found a blossoming altar of Fedhas.
  2598 | D:4      | Reached skill level 5 in Armour
  2598 | D:4      | Reached skill level 5 in Shields
  2695 | D:4      | Noticed Grinder
  2711 | D:4      | Paralysed by Grinder for 3 turns
  2713 | D:4      | HP: 1/55 [Grinder/nerve-wracking pain (14)]
  2716 | D:4      | Killed Grinder
  2717 | D:4      | Reached skill level 5 in Fighting
  2717 | D:4      | Reached skill level 6 in Axes
  2926 | D:4      | Reached XP level 7. HP: 52/61 MP: 6/6
  2984 | D:4      | Noticed Eustachio
  3008 | D:4      | Killed Eustachio
  3010 | D:4      | Noticed Edmund
  3229 | D:4      | Slain by an ogre

Illustrated notes

Levels and vault maps discovered:
D:1:      elethiomel_arrival_shortcut, layout_loops_ring
D:2:      layout_rooms, uniq_robin
D:3:      layout_loops_ring, grunt_temple_overflow_order_and_chaos_1,
          nicolae_ecumenical_oubliette, uniq_crazy_yiuf_cottage, uniq_jessica
D:4:      layout_basic, lemuel_mausoleum_altar_yredelemnul, fedhas_altar_2,
          nicolae_ru_the_path_less_chosen, hangedman_abyss_or_decor_slice,
          uniq_edmund, uniq_eustachio, uniq_grinder

Skill      XL: |  1  2  3  4  5  6 |
---------------+-------------------+-----
Axes           | 3 4 5 6 |  6.6
Fighting       | 4 5 |  5.7
Armour         | 4 5 |  5.7
Shields        | 4 5 |  5.7

Action                     |  1- 3 |  4- 6 |  7- 9 || total
---------------------------+-------+-------+-------++-------
  Melee: War axe           |    77 |   102 |    22 ||   201
         Headbutt          |    10 |    18 |     5 ||    33
  Evoke: Wand              |       |       |     1 ||     1
    Use: Scroll            |     1 |     3 |       ||     4
 Armour: Scale mail        |    69 |    60 |    17 ||   146
  Dodge: Dodged            |    50 |    46 |     8 ||   104
  Block: Buckler           |    20 |    13 |     7 ||    40
         Tower shield      |    22 |     6 |       ||    28

Table legend: (Time is in decaauts)
 A = Elapsed time spent in this place.
 B = Non-inter-level travel time spent in this place.
 C = Inter-level travel time spent in this place.
 D = Time resting spent in this place.
 E = Time spent auto-exploring this place.
 F = Levels seen in this place.
 G = Mean time per level.
                   A        B        C        D        E       F      G
               +--------+--------+--------+--------+--------+-----+--------+
         Total |   3299 |   3220 |     79 |    132 |   2463 |   4 |  824.8 |
       Dungeon |   3299 |   3220 |     79 |    132 |   2463 |   4 |  824.8 |
               +--------+--------+--------+--------+--------+-----+--------+

Top non-repeatable levels by time:
     D:3: 1059 daAuts
     D:4: 878 daAuts
     D:2: 683 daAuts
     D:1: 676 daAuts
